 Dungeon Crawl Stone Soup version 0.30.0-13-g156ef70053 (webtiles) character file.

Game seed: 6936518226701697388

378 Darkkill the Shooter (level 6, -22/53 HPs)
             Began as a Minotaur Hunter on May 17, 2023.
             Annihilated by an ogre
             ... wielding a +0 giant spiked club
              (28 damage)
             ... on level 5 of the Dungeon.
             The game lasted 00:04:03 (2257 turns).

Darkkill the Shooter (Minotaur Hunter)              Turns: 2257, Time: 00:04:04

Health: -22/53     AC:  6    Str: 15    XL:     6   Next: 45%
Magic:  5/5        EV: 13    Int:  6    God:
Gold:   187        SH:  0    Dex: 16    Spells: 5/5 levels left

rFire   . . .        a - +0 shortbow
rCold   . . .        (shield currently unavailable)
rNeg    . . .        c - +1 leather armour
rPois   .            (helmet restricted)
rElec   .            (no cloak)
rCorr   .            e - +0 pair of gloves
SInv    .            k - +0 pair of boots
Will    .....        (no amulet)
Stlth   ++           (no ring)
HPRegen 0.28/turn    (no ring)
MPRegen 0.09/turn

%: no passive effects
@: no status effects
A: horns 2, retaliatory headbutt
a: no special abilities


You were on level 5 of the Dungeon.
You visited 1 branch of the dungeon, and saw 5 of its levels.

You collected 187 gold pieces.

Inventory:

Hand Weapons
 a - a +0 shortbow (weapon)
Missiles
 d - 43 stones
 i - 3 poisoned darts
Armour
 c - a +1 leather armour (worn)
 e - a +0 pair of gloves (worn)
 k - a +0 pair of boots (worn)
Wands
 q - a wand of flame (23)
Scrolls
 b - a scroll of immolation
 m - a scroll of butterflies
Potions
 f - 2 potions of lignification {unknown}
 g - 3 potions of cancellation
 h - 3 potions of curing {@q1}
 j - a potion of degeneration {unknown}
 l - a potion of brilliance {unknown}
 o - a potion of flight {unknown}


   Skills:
 + Level 4.6 Fighting
 + Level 5.7 Ranged Weapons
 + Level 4.2 Dodging
 + Level 3.0 Stealth


You had 5 spell levels left.
You didn't know any spells.
Your spell library contained the following spells:

 Spells                   Type           Power      Damage    Failure   Level
 Ozocubu's Armour         Ice            0%         N/A       88%         3
 Volatile Blastmotes      Fire/Tloc      0%         2d10      88%         3
 Fulminant Prism          Conj/Hex       0%         3d5       99%         4
 Iskenderun's Mystic Bla  Conj/Tloc      0%         2d3       99%         4
 Summon Lightning Spire   Summ/Air       0%         N/A       99%         4
 Lee's Rapid Deconstruct  Erth           0%         3d4*      100%        5
 Ozocubu's Refrigeration  Ice            0%         4d7       100%        7
 Storm Form               Tmut/Air       0%         N/A       100%        7
 Maxwell's Capacitive Co  Air            0%         ∞         100%        8


Dungeon Overview and Level Annotations

Branches:
Dungeon (5/15)
 Temple: D:4-7

Altars:
Elyvilon
Wu Jian
Zin


Innate Abilities, Weirdness & Mutations

You have a pair of horns on your head.
You reflexively headbutt those who attack you in melee.


Message History

Found three altars.
No target in view!
There is a stone staircase leading down here.
d - 43 stones (gained 2) Done exploring.
No target in view!
Done exploring.
No target in view!
Done exploring.
No target in view!
There is a stone staircase leading down here.
There is a stone staircase leading down here.
As you read the scroll labelled FINYAR TACSYNE, it crumbles to dust.
You feel aware of your surroundings.
It was a scroll of magic mapping.
As you read the scroll of identify {@r1}, it crumbles to dust.
h - 3 potions of curing
As you read the scroll labelled ZIPUWN BEAMMOE, it crumbles to dust.
You hear the flapping of tiny wings.
It was a scroll of butterflies.
You climb downwards.
Your summoned allies are left behind.
Found a spear, 12 gold pieces and a metallic grey potion.
Found two stone staircases leading up.
There is a stone staircase leading up here.
A black bear is nearby!
You shoot an arrow.
The arrow hits the black bear but does no damage.
The black bear growls angrily.
You hear a shout!
You shoot an arrow.
The arrow hits the black bear but does no damage.
A black bear is nearby!
A black bear is nearby!
You shoot an arrow.
The arrow hits the black bear but does no damage.
A black bear is nearby!
You shoot an arrow. The arrow hits the black bear!
The black bear is moderately wounded.
You shoot an arrow. The arrow hits the black bear.
The black bear is heavily wounded.
An ogre comes into view. It is wielding a +0 giant spiked club.
The black bear barely misses you.
The black bear claws you but does no damage.
The black bear closely misses you.
There are monsters nearby!
You shoot an arrow.
The arrow hits the black bear but does no damage.
The black bear is heavily wounded.
The black bear bites you.
The black bear claws you but does no damage.
The black bear closely misses you.
An orc comes into view. It is wielding a +0 short sword.
There are monsters nearby!
You shoot an arrow. The arrow hits the black bear!
The black bear is severely wounded.
The black bear goes berserk!
There are monsters nearby!
You shoot an arrow. The arrow hits the black bear.
The black bear is almost dead.
The black bear bites you. The black bear claws you.
The black bear closely misses you.
An orc comes into view. It is wielding a +0 mace.
The black bear bites you but does no damage.
The black bear claws you but does no damage.
The black bear claws you.
There are monsters nearby!
You shoot an arrow. The arrow hits the black bear!
You kill the black bear!
Your Dodging skill increases to level 4!
Your Stealth skill increases to level 3!
There are monsters nearby!
You shoot an arrow. The arrow hits the ogre!
The ogre is heavily wounded.
An orc priest comes into view. It is wielding a +0 falchion.
There are monsters nearby!
You shoot an arrow. The orc priest shouts!
The arrow hits the ogre!
The ogre is severely wounded.
The ogre closely misses you.
An orc comes into view. It is wielding a +2 whip of flaming.
You shoot an arrow. The arrow completely misses the ogre.
An orc comes into view. It is wielding a +0 falchion.
The orc hits you but does no damage.
The ogre hits you with a +0 giant spiked club!
There are monsters nearby!
You are too injured to fight recklessly!
You are too injured to fight recklessly!
You are too injured to fight recklessly!
You shoot an arrow.
The arrow hits the ogre but does no damage.
The ogre is severely wounded.
The orc hits you with a +0 short sword.
The orc priest looks braver for a moment.
The ogre hits you with a +0 giant spiked club!!
* * * LOW HITPOINT WARNING * * *
The orc misses you. You furiously retaliate!
You headbutt the orc!
You kill the orc!
You shoot an arrow. The arrow hits the ogre.
The ogre is severely wounded.
The ogre hits you with a +0 giant spiked club!!
Ouch! That really hurt!
You die...

..... . .#.. .
.. .#.## ##..
#.. ...##...<
.... .).....##
.... #..#.#..#
#..#........
#...@.#.#...
##..Oo......
.............
..........oo..#
........$.o...#
..............#
..........!....
......##...<...


You could see an ogre, an orc priest and 3 orcs.

Vanquished Creatures
  A black bear (D:5)
  A phantom (D:4)
  An iguana (D:4)
  Ijyb (D:4)
  Natasha (twice) (D:3)
  3 adders
  A gnoll (D:1)
  7 orcs
  5 endoplasms
  4 giant cockroaches
  6 hobgoblins
  7 jackals
  6 kobolds
  4 quokkas
  5 ball pythons
  4 bats
  4 frilled lizards
  9 goblins
  8 rats
79 creatures vanquished.

Notes
Turn   | Place    | Note
-------+----------+-------------------------------------------
     0 | D:1      | Darkkill the Minotaur Hunter began the quest for the Orb.
     0 | D:1      | Reached XP level 1. HP: 18/18 MP: 0/0
    28 | D:1      | Reached skill level 1 in Stealth
    77 | D:1      | Reached XP level 2. HP: 25/25 MP: 1/1
   136 | D:1      | Reached XP level 3. HP: 31/31 MP: 2/2
   947 | D:3      | Reached XP level 4. HP: 38/38 MP: 3/3
  1217 | D:3      | Noticed Natasha
  1220 | D:3      | Killed Natasha
  1221 | D:3      | Reached skill level 5 in Ranged Weapons
  1289 | D:3      | Noticed Natasha
  1299 | D:3      | Killed Natasha
  1632 | D:4      | Reached XP level 5. HP: 46/46 MP: 4/4
  1958 | D:4      | Noticed Ijyb
  1965 | D:4      | Killed Ijyb
  2008 | D:4      | Noticed a phantom
  2016 | D:4      | Killed a phantom
  2017 | D:4      | Reached XP level 6. HP: 43/53 MP: 5/5
  2088 | D:4      | Found a glowing silver altar of Zin.
  2088 | D:4      | Found a white marble altar of Elyvilon.
  2088 | D:4      | Found an ornate altar of the Wu Jian Council.
  2243 | D:5      | Entered Level 5 of the Dungeon
  2256 | D:5      | HP: 5/53 [ogre/+0 giant spiked club (20)]
  2257 | D:5      | Annihilated by an ogre

Illustrated notes

Levels and vault maps discovered:
D:1:      heliophobic_arrival_enchanted_forest, layout_rooms, minivault_25,
          st_stairs_5
D:2:      layout_basic
D:3:      layout_basic, chequers_serial_rivers_large_a,
          minmay_fractal_squares_gapless_5, uniq_natasha
D:4:      layout_rooms, gammafunk_temple_overflow_claw, uniq_ijyb
D:5:      cheibrodos_helix_gallery, layout_cave_pools, serial_glass,
          glass_columns_b, glass_columns_a, glass_columns_a,
          corexii_checkpoint_a

Skill      XL: |  1  2  3  4  5  6 |
---------------+-------------------+-----
Stealth        | 1 2 3 |  3.0
Fighting       | 3 4 |  4.6
Dodging        | 3 4 |  4.2
Ranged Weapons | 5 |  5.7

Action                     |  1- 3 |  4- 6 || total
---------------------------+-------+-------++-------
   Fire: Shortbow          |   121 |    99 ||   220
    Use: Scroll            |     1 |     9 ||    10
 Armour: Leather armour    |    10 |    22 ||    32
  Dodge: Dodged            |    25 |    36 ||    61

Levels and vault maps discovered:
D:1:      heliophobic_arrival_enchanted_forest, layout_rooms, minivault_25,
          st_stairs_5
D:2:      layout_basic
D:3:      layout_basic, chequers_serial_rivers_large_a,
          minmay_fractal_squares_gapless_5, uniq_natasha
D:4:      layout_rooms, gammafunk_temple_overflow_claw, uniq_ijyb
D:5:      cheibrodos_helix_gallery, layout_cave_pools, serial_glass,
          glass_columns_b, glass_columns_a, glass_columns_a,
          corexii_checkpoint_a

Table legend: (Time is in decaauts)
 A = Elapsed time spent in this place.
 B = Non-inter-level travel time spent in this place.
 C = Inter-level travel time spent in this place.
 D = Time resting spent in this place.
 E = Time spent auto-exploring this place.
 F = Levels seen in this place.
 G = Mean time per level.
                   A        B        C        D        E       F      G
               +--------+--------+--------+--------+--------+-----+--------+
         Total |   2335 |   2244 |     91 |     38 |   1769 |   5 |  467.0 |
       Dungeon |   2335 |   2244 |     91 |     38 |   1769 |   5 |  467.0 |
               +--------+--------+--------+--------+--------+-----+--------+

Top non-repeatable levels by time:
     D:3: 805 daAuts
     D:4: 631 daAuts
     D:2: 467 daAuts
     D:1: 413 daAuts
     D:5: 16 daAuts

Table legend:
 A = Kills in this place as a percentage of kills in the entire game.
 B = Kills by you in this place as a percentage of kills by you in the entire game.
 C = Kills by friends in this place as a percentage of kills by friends in the entire game.
 D = Other kills in this place as a percentage of other kills in the entire game.
 E = Experience gained in this place as a percentage of experience gained in the entire game.
 F = Experience gained in this place divided by the number of levels of this place that you have seen.
                   A       B       C       D       E      F
               +-------+-------+-------+-------+-------+----------------------
         Total | 100.0 | 100.0 |   N/A |   N/A | 100.0 | 108.0
       Dungeon | 100.0 | 100.0 |   N/A |   N/A | 100.0 | 108.0
               +-------+-------+-------+-------+-------+----------------------
